[Event "Czech Open-E Teams 2022"]
[Site "Pardubice"]
[Date "2022.07.15"]
[Round "2.3"]
[White "Vlasak, Lukas"]
[Black "Blecha, Miroslav"]
[Result "1-0"]
[ECO "A48"]
[WhiteElo "2442"]
[BlackElo "2105"]
[Annotator "ChessBase"]
[PlyCount "48"]
[EventDate "2022.07.14"]
[EventType "team-tourn"]
[EventCountry "CZE"]
[SourceTitle "playchess.com"]
[Source "ChessBase"]
[SourceQuality "1"]
[TimeControl "5400+30"]

1. d4 Nf6 2. Nf3 g6 3. Nc3 d5 4. Bf4 c6 5. e3 Bg7 6. h3 O-O 7. Bd3 Re8 8. O-O Nbd7 9. Bh2 Nh5 10. Ne5 Nxe5 11. dxe5 d4 12. exd4 Qxd4 13. Re1 Bh6 14. Qf3 Ng7 15. a3 Ne6 16. Re4 Qb6 17. Rb4 Qc7 18. Rh4 Bg7 19. Re1 b6 20. Bc4 Rb8 21. Bg3 b5 22. Bb3 a5 23. Ne4 Bxe5 24. Rxh7 Rf8 1-0

[Event "Czech Open-E Teams 2022"]
[Site "Pardubice"]
[Date "2022.07.15"]
[Round "2.4"]
[White "Janocko, Petr"]
[Black "Kraus, Tomas"]
[Result "0-1"]
[ECO "D30"]
[WhiteElo "1944"]
[BlackElo "2488"]
[Annotator "ChessBase"]
[PlyCount "92"]
[EventDate "2022.07.14"]
[EventType "team-tourn"]
[EventCountry "CZE"]
[SourceTitle "playchess.com"]
[Source "ChessBase"]
[SourceQuality "1"]
[TimeControl "5400+30"]

1. d4 d5 2. c4 e6 3. Nf3 c6 4. cxd5 exd5 5. Nc3 Bf5 6. g3 Be7 7. Bg2 h6 8. O-O Nf6 9. Bf4 O-O 10. Qb3 Qb6 11. Qxb6 axb6 12. Ne5 b5 13. a3 Nbd7 14. Nxd7 Nxd7 15. e4 dxe4 16. Nxe4 Bxe4 17. Bxe4 Nf6 18. Bf3 Rfd8 19. Be5 Nd5 20. Rfe1 Bf8 21. Red1 Ra4 22. Rd3 f6 23. Bd1 fxe5 24. Bxa4 e4 25. Rb3 Nc7 26. Re3 bxa4 27. Rxe4 Nd5 28. Rd1 Kf7 29. h4 Be7 30. Rd3 Bf6 31. b3 Ra8 32. b4 Rd8 33. Kg2 Nc7 34. f4 Nb5 35. g4 Bxd4 36. g5 Rd5 37. Kf3 Bb2 38. Rde3 Nd4+ 39. Kg4 Nf5 40. Rf3 h5+ 41. Kh3 Rd1 42. Rc4 Bd4 43. b5 Rd2 44. Rc1 c5 45. b6 Rb2 46. Rd3 Rxb6 0-1

[Event "Czech Open-E Teams 2022"]
[Site "Pardubice"]
[Date "2022.07.15"]
[Round "2.5"]
[White "Neumann, Filip"]
[Black "Roubalik, Jakub"]
[Result "1/2-1/2"]
[ECO "A45"]
[WhiteElo "2113"]
[BlackElo "2380"]
[Annotator "ChessBase"]
[PlyCount "60"]
[EventDate "2022.07.14"]
[EventType "team-tourn"]
[EventCountry "CZE"]
[SourceTitle "playchess.com"]
[Source "ChessBase"]
[SourceQuality "1"]
[TimeControl "5400+30"]

1. d4 Nf6 2. Nc3 d5 3. Bf4 e6 4. e3 a6 5. Nf3 c5 6. dxc5 Bxc5 7. Bd3 Nc6 8. O-O O-O 9. e4 h6 10. h3 dxe4 11. Nxe4 Nxe4 12. Bxe4 Qf6 13. Qc1 Rd8 14. c3 Bd7 15. Be3 Qe7 16. Re1 Bxe3 17. Qxe3 Be8 18. Rad1 Rxd1 19. Rxd1 Rd8 20. Rd2 Rxd2 21. Nxd2 Qd6 22. Nc4 Qd1+ 23. Kh2 b5 24. Qc5 bxc4 25. Bxc6 Bxc6 26. Qxc6 Qd2 27. Qc8+ Kh7 28. Qxa6 Qf4+ 29. Kg1 Qc1+ 30. Kh2 Qf4+ 1/2-1/2

[Event "Czech Open-E Teams 2022"]
[Site "Pardubice"]
[Date "2022.07.15"]
[Round "2.6"]
[White "Nemec, Jachym"]
[Black "Winter, Ondrej"]
[Result "0-1"]
[ECO "D02"]
[WhiteElo "2357"]
[BlackElo "2168"]
[Annotator "ChessBase"]
[PlyCount "118"]
[EventDate "2022.07.14"]
[EventType "team-tourn"]
[EventCountry "CZE"]
[SourceTitle "playchess.com"]
[Source "ChessBase"]
[SourceQuality "1"]
[TimeControl "5400+30"]

1. d4 d5 2. Nf3 Nf6 3. c4 c6 4. Qb3 dxc4 5. Qxc4 Bf5 6. g3 e6 7. Bg2 Nbd7 8. O-O Be7 9. e3 O-O 10. Qe2 c5 11. h3 cxd4 12. Nxd4 Be4 13. Nc3 Bxg2 14. Kxg2 Qb6 15. Rd1 Ne5 16. e4 Rac8 17. Bf4 Nc4 18. b3 e5 19. Nf5 Bb4 20. Bg5 Bxc3 21. Ne7+ Kh8 22. Nxc8 Rxc8 23. Rac1 Nb2 24. Rd2 Rc6 25. Rdc2 Bd4 26. Bxf6 gxf6 27. Qf3 Rxc2 28. Rxc2 Qe6 29. Rc7 b5 30. Rb7 a6 31. h4 Kg7 32. h5 h6 33. Rb8 Qd7 34. Ra8 Qe6 35. Kg1 b4 36. Kg2 Bc5 37. Qe2 Bd4 38. Rxa6 Qc8 39. Ra5 f5 40. a3 bxa3 41. Rxa3 Qc6 42. b4 Qxe4+ 43. Qxe4 fxe4 44. b5 Nc4 45. Rb3 Kf6 46. Rb4 Nb6 47. f4 Kf5 48. fxe5 Kxe5 49. g4 f6 50. Kg3 Be3 51. Rb1 Nd5 52. Rb3 Bb6 53. Ra3 Kd4 54. Ra8 Kc4 55. Rh8 e3 56. Kf3 Nc3 57. Rc8+ Kb4 58. Re8 e2 59. Rxe2 Nxe2 0-1

[Event "Czech Open-E Teams 2022"]
[Site "Pardubice"]
[Date "2022.07.15"]
[Round "2.7"]
[White "Vestfal, Jan"]
[Black "Kusa, Jakub"]
[Result "0-1"]
[ECO "D37"]
[WhiteElo "1918"]
[BlackElo "2353"]
[Annotator "ChessBase"]
[PlyCount "84"]
[EventDate "2022.07.14"]
[EventType "team-tourn"]
[EventCountry "CZE"]
[SourceTitle "playchess.com"]
[Source "ChessBase"]
[SourceQuality "1"]
[TimeControl "5400+30"]

1. d4 d5 2. c4 e6 3. Nf3 Nf6 4. Nc3 Be7 5. Bg5 Nbd7 6. e3 h6 7. Bh4 O-O 8. Qc2 c6 9. cxd5 exd5 10. Bd3 Re8 11. O-O Nh5 12. Bxe7 Qxe7 13. Rab1 a5 14. a3 Nhf6 15. b4 axb4 16. axb4 b5 17. Nd2 Nb6 18. e4 Nc4 19. e5 Nh5 20. Bxc4 bxc4 21. b5 Nf4 22. Nf3 Bg4 23. Qd2 g5 24. bxc6 Ra3 25. Rfc1 Bxf3 26. gxf3 Qe6 27. Ne2 Rxf3 28. Nxf4 Rxf4 29. Rc3 Qxc6 30. Rg3 Kh7 31. Ra3 Ra8 32. Rxa8 Qxa8 33. Qc3 Qc8 34. h3 Qf5 35. Rb6 Rf3 36. Qe1 Rxh3 37. Qe2 Qf4 38. Qc2+ Kg7 39. Kf1 Rh1+ 40. Kg2 Qh2+ 41. Kf3 Qh3+ 42. Ke2 Qf1+ 0-1

[Event "Czech Open-E Teams 2022"]
[Site "Pardubice"]
[Date "2022.07.15"]
[Round "2.8"]
[White "Pisk, Petr"]
[Black "Dedek, Jan"]
[Result "1-0"]
[ECO "D03"]
[WhiteElo "2329"]
[BlackElo "1876"]
[Annotator "ChessBase"]
[PlyCount "49"]
[EventDate "2022.07.14"]
[EventType "team-tourn"]
[EventCountry "CZE"]
[SourceTitle "playchess.com"]
[Source "ChessBase"]
[SourceQuality "1"]
[TimeControl "5400+30"]

1. d4 d5 2. Nf3 Nf6 3. Bg5 Ne4 4. Bf4 c5 5. e3 Nc6 6. c3 Qb6 7. Qb3 c4 8. Qc2 Bf5 9. Qc1 h6 10. h3 g5 11. Bh2 Bg7 12. Be2 e5 13. O-O h5 14. Nbd2 Nxd2 15. Nxd2 e4 16. f3 exf3 17. Bxf3 Bd3 18. Bxd5 Bxf1 19. Qxf1 Nd8 20. Nxc4 Qg6 21. Nd6+ Kf8 22. Nf5 Bf6 23. Be4 Be7 24. Be5 Rh7 25. Qd3 1-0

[Event "Czech Open-E Teams 2022"]
[Site "Pardubice"]
[Date "2022.07.15"]
[Round "2.9"]
[White "Cerveny, Martin"]
[Black "Vymazal, Bronislav"]
[Result "1-0"]
[ECO "A46"]
[WhiteElo "2396"]
[BlackElo "2378"]
[Annotator "ChessBase"]
[PlyCount "105"]
[EventDate "2022.07.14"]
[EventType "team-tourn"]
[EventCountry "CZE"]
[SourceTitle "playchess.com"]
[Source "ChessBase"]
[SourceQuality "1"]
[TimeControl "5400+30"]

1. d4 Nf6 2. Nf3 b5 3. e3 a6 4. a4 b4 5. c4 e6 6. b3 c5 7. Bb2 Bb7 8. Nbd2 Be7 9. Bd3 d6 10. dxc5 dxc5 11. Qc2 Nbd7 12. O-O-O Qc7 13. h3 O-O-O 14. g4 h6 15. Rhg1 Ne8 16. Ne4 Rg8 17. g5 Nd6 18. h4 f5 19. gxf6 gxf6 20. Nxd6+ Bxd6 21. Rxg8 Rxg8 22. Be4 Rg4 23. Bxb7+ Kxb7 24. Qd3 Kc6 25. a5 f5 26. h5 Re4 27. Nd2 Rh4 28. f4 Rh2 29. Qf1 Qxa5 30. Qg1 Re2 31. Kc2 Qa2 32. Qg3 Kc7 33. Qf3 Rh2 34. Qg3 Re2 35. Kd3 Rxd2+ 36. Rxd2 Qxb3+ 37. Ke2 Qxc4+ 38. Kf2 Qe4 39. Qg7 Qc6 40. Qxh6 c4 41. Qxe6 c3 42. Bxc3 bxc3 43. Rc2 Bb4 44. Qxf5 Qh1 45. Kg3 Nc5 46. Rg2 Qe1+ 47. Kg4 Qf1 48. Qd5 Qh1 49. Kg5 Qb1 50. Qf7+ Kb6 51. Qg6+ Qxg6+ 52. hxg6 Ne4+ 53. Kf5 1-0

[Event "Czech Open-E Teams 2022"]
[Site "Pardubice"]
[Date "2022.07.15"]
[Round "2.10"]
[White "Micanek, Tomas"]
[Black "Szotkowski, Jakub"]
[Result "1-0"]
[ECO "B19"]
[WhiteElo "2124"]
[BlackElo "2344"]
[Annotator "ChessBase"]
[PlyCount "86"]
[EventDate "2022.07.14"]
[EventType "team-tourn"]
[EventCountry "CZE"]
[SourceTitle "playchess.com"]
[Source "ChessBase"]
[SourceQuality "1"]
[TimeControl "5400+30"]

1. e4 c6 2. d4 d5 3. Nd2 dxe4 4. Nxe4 Bf5 5. Ng3 Bg6 6. h4 h6 7. Nf3 Nd7 8. h5 Bh7 9. Bd3 Bxd3 10. Qxd3 e6 11. Bf4 Qa5+ 12. Bd2 Bb4 13. c3 Be7 14. c4 Qc7 15. Bc3 Ngf6 16. Ne5 Nxe5 17. dxe5 Rd8 18. Qe2 Nd7 19. f4 O-O 20. O-O Nc5 21. Rf3 Rd7 22. b4 Na4 23. c5 Nxc3 24. Rxc3 f5 25. Qc4 Rd5 26. Nf1 Qd7 27. Qb3 Rd4 28. Ne3 Rxf4 29. Rd1 Rd4 30. Rcd3 Rd5 31. Nxd5 exd5 32. Re1 Qe6 33. Rg3 f4 34. Rg6 Qf5 35. Qf3 Bh4 36. Rf1 Qxe5 37. Qg4 Bg5 38. Qd7 Rf7 39. Qc8+ Kh7 40. a3 f3 41. Qg4 f2+ 42. Kh1 Rf4 43. Re6 Rxg4 1-0

[Event "Czech Open-E Teams 2022"]
[Site "Pardubice"]
[Date "2022.07.15"]
[Round "2.11"]
[White "Chytilek, Roman"]
[Black "Kubat, Pavel"]
[Result "1/2-1/2"]
[ECO "A05"]
[WhiteElo "2317"]
[BlackElo "1881"]
[Annotator "ChessBase"]
[PlyCount "85"]
[EventDate "2022.07.14"]
[EventType "team-tourn"]
[EventCountry "CZE"]
[SourceTitle "playchess.com"]
[Source "ChessBase"]
[SourceQuality "1"]
[TimeControl "5400+30"]

1. Nf3 Nf6 2. g3 g6 3. c4 Bg7 4. Bg2 c5 5. O-O O-O 6. d4 cxd4 7. Nxd4 Nc6 8. Nc3 Nxd4 9. Qxd4 d6 10. Qd3 Nd7 11. b3 Nc5 12. Qd2 Rb8 13. Bb2 Bd7 14. b4 Na6 15. a3 Nc7 16. Rac1 Bc6 17. e4 b5 18. cxb5 Nxb5 19. Ne2 Bxb2 20. Qxb2 Bd7 21. a4 Nc7 22. Nc3 Na6 23. b5 Nc5 24. Rfd1 Bg4 25. Rd4 Be6 26. Nd5 Bxd5 27. exd5 a6 28. Rb1 axb5 29. axb5 Rb7 30. h4 Qd7 31. h5 Qf5 32. hxg6 hxg6 33. Rh4 Qf6 34. Qc1 Nd3 35. Qe3 Ne5 36. Rhb4 Kg7 37. Rf4 Qg5 38. Qc3 f5 39. Ra4 f4 40. gxf4 Rxf4 41. Rxf4 Qxf4 42. Qc8 Qf5 43. Qxb7 1/2-1/2

[Event "Czech Open-E Teams 2022"]
[Site "Pardubice"]
[Date "2022.07.15"]
[Round "2.12"]
[White "Stankova, Zuzana"]
[Black "Vyskocil, Neklan"]
[Result "0-1"]
[ECO "B23"]
[WhiteElo "2075"]
[BlackElo "2286"]
[Annotator "ChessBase"]
[PlyCount "62"]
[EventDate "2022.07.14"]
[EventType "team-tourn"]
[EventCountry "CZE"]
[SourceTitle "playchess.com"]
[Source "ChessBase"]
[SourceQuality "1"]
[TimeControl "5400+30"]

1. e4 c5 2. Nc3 g6 3. f4 Bg7 4. Nf3 Nc6 5. Bb5 Nd4 6. Bc4 e6 7. O-O Ne7 8. d3 d5 9. Bb3 O-O 10. Bd2 c4 11. dxc4 dxc4 12. Bxc4 Nxf3+ 13. Rxf3 Qd4+ 14. Kh1 Qxc4 15. Qe1 f5 16. e5 b6 17. Rd3 Bb7 18. Rd6 Rad8 19. b3 Qc8 20. Rd1 Rxd6 21. exd6 Nd5 22. Nxd5 exd5 23. Bb4 Re8 24. Qd2 Qd7 25. c4 d4 26. c5 bxc5 27. Bxc5 Qc6 28. Rc1 d3 29. Bxa7 Qxd6 30. Be3 Qd5 31. Re1 Bc3 0-1

[Event "Czech Open-E Teams 2022"]
[Site "Pardubice"]
[Date "2022.07.15"]
[Round "2.13"]
[White "Slepov, Kyryl"]
[Black "Stalmach, Richard"]
[Result "0-1"]
[ECO "A10"]
[WhiteElo "2105"]
[BlackElo "2363"]
[Annotator "ChessBase"]
[PlyCount "64"]
[EventDate "2022.07.14"]
[EventType "team-tourn"]
[EventCountry "CZE"]
[SourceTitle "playchess.com"]
[Source "ChessBase"]
[SourceQuality "1"]
[TimeControl "5400+30"]

1. c4 g6 2. g3 Bg7 3. Bg2 d6 4. Nc3 c5 5. e3 Nc6 6. Nge2 Nf6 7. O-O O-O 8. d4 Bd7 9. b3 a6 10. Bb2 Rb8 11. Qd2 cxd4 12. exd4 b5 13. c5 b4 14. Na4 Na7 15. Nb6 Bb5 16. Rfd1 Qc7 17. Nf4 Nc6 18. Rac1 Rfd8 19. Qe1 Qa7 20. d5 Na5 21. Qxb4 Nb7 22. c6 Nc5 23. Rxc5 dxc5 24. Qxc5 Bxc6 25. Na4 Qxc5 26. Nxc5 Nxd5 27. Nxd5 Bxd5 28. Rxd5 Rxd5 29. Bxd5 Bxb2 30. Nxa6 Rd8 31. Bc4 Ba3 32. b4 Rd4 0-1

[Event "Czech Open-E Teams 2022"]
[Site "Pardubice"]
[Date "2022.07.15"]
[Round "2.14"]
[White "Mica, Marek"]
[Black "Tovarek, Antonin"]
[Result "1-0"]
[ECO "E10"]
[WhiteElo "2304"]
[BlackElo "1990"]
[Annotator "ChessBase"]
[PlyCount "113"]
[EventDate "2022.07.14"]
[EventType "team-tourn"]
[EventCountry "CZE"]
[SourceTitle "playchess.com"]
[Source "ChessBase"]
[SourceQuality "1"]
[TimeControl "5400+30"]

1. d4 Nf6 2. c4 e6 3. Nf3 d5 4. g3 c5 5. cxd5 Nxd5 6. Bg2 cxd4 7. Nxd4 Bc5 8. Nb3 Bb6 9. Nc3 Nxc3 10. Qxd8+ Bxd8 11. bxc3 Nc6 12. Rb1 Na5 13. O-O Nc4 14. Nc5 Bb6 15. Nxb7 Rb8 16. Rb4 Bxb7 17. Bxb7 Rxb7 18. Rxc4 Ke7 19. Ba3+ Kf6 20. Rd1 Rd8 21. Rxd8 Bxd8 22. Kg2 Be7 23. Bb4 Bxb4 24. cxb4 Ke5 25. e4 g5 26. Kf3 f5 27. Ke3 fxe4 28. Rc5+ Kd6 29. a3 h6 30. Kxe4 Rf7 31. f3 Rb7 32. Ra5 Rd7 33. Ra6+ Ke7 34. b5 Rc7 35. a4 Kf6 36. Rc6 Rb7 37. f4 gxf4 38. gxf4 Rg7 39. Ra6 h5 40. h4 Rc7 41. f5 Rc4+ 42. Kd3 Rxh4 43. fxe6 Rb4 44. Rxa7 Kxe6 45. Kc3 Rg4 46. b6 Kd6 47. a5 h4 48. b7 Kc7 49. a6 Rg8 50. Ra8 Rb8 51. Kd4 h3 52. Kc5 h2 53. Rxb8 h1=Q 54. Rc8+ Kd7 55. b8=Q Qc1+ 56. Kb6 Qxc8 57. Qxc8+ 1-0

[Event "Czech Open-E Teams 2022"]
[Site "Pardubice"]
[Date "2022.07.15"]
[Round "2.15"]
[White "Tioka, Zdenek"]
[Black "Frank, Adam"]
[Result "1/2-1/2"]
[ECO "B03"]
[WhiteElo "1949"]
[BlackElo "2313"]
[Annotator "ChessBase"]
[PlyCount "51"]
[EventDate "2022.07.14"]
[EventType "team-tourn"]
[EventCountry "CZE"]
[SourceTitle "playchess.com"]
[Source "ChessBase"]
[SourceQuality "1"]
[TimeControl "5400+30"]

1. e4 Nf6 2. e5 Nd5 3. d4 d6 4. c4 Nb6 5. exd6 cxd6 6. Be3 g6 7. Nc3 Bg7 8. Nf3 Bg4 9. b3 O-O 10. Be2 Nc6 11. h3 Bxf3 12. Bxf3 e6 13. O-O d5 14. cxd5 exd5 15. Qd2 Qd7 16. Rac1 Rad8 17. Kh2 h5 18. g3 Rfe8 19. Rfe1 Qf5 20. Bg2 Nc8 21. h4 N8e7 22. Bh3 Qf3 23. Nb5 Nf5 24. Bg2 Qg4 25. Bh3 Qf3 26. Bg2 1/2-1/2

[Event "Czech Open-E Teams 2022"]
[Site "Pardubice"]
[Date "2022.07.15"]
[Round "2.16"]
[White "Gnojek, Petr"]
[Black "Sipek, Oldrich"]
[Result "1-0"]
[ECO "D43"]
[WhiteElo "2295"]
[BlackElo "1935"]
[Annotator "ChessBase"]
[PlyCount "70"]
[EventDate "2022.07.14"]
[EventType "team-tourn"]
[EventCountry "CZE"]
[SourceTitle "playchess.com"]
[Source "ChessBase"]
[SourceQuality "1"]
[TimeControl "5400+30"]

1. d4 d5 2. c4 e6 3. Nf3 Nf6 4. Nc3 c6 5. Bg5 Nbd7 6. cxd5 exd5 7. e3 Qa5 8. Nd2 Bb4 9. Qc2 O-O 10. Bd3 Re8 11. O-O Bxc3 12. Qxc3 Qxc3 13. bxc3 Ne4 14. Nxe4 dxe4 15. Be2 Nb6 16. c4 Be6 17. Rfc1 h6 18. Bf4 Rac8 19. Rab1 Re7 20. f3 exf3 21. gxf3 Bf5 22. Rb3 Rce8 23. Kf2 Nc8 24. e4 Be6 25. Bd3 b5 26. Rb2 a6 27. cxb5 cxb5 28. d5 Bd7 29. Rbc2 f6 30. Rc7 g5 31. Be3 Rd8 32. Bd4 Rf7 33. Rb7 Ne7 34. Bb6 Bc8 35. Rxe7 Bd7 1-0

[Event "Czech Open-E Teams 2022"]
[Site "Pardubice"]
[Date "2022.07.15"]
[Round "2.17"]
[White "Svoboda, Vaclav"]
[Black "Hlavina, Matous"]
[Result "1-0"]
[ECO "A15"]
[WhiteElo "2397"]
[BlackElo "2133"]
[Annotator "ChessBase"]
[PlyCount "85"]
[EventDate "2022.07.14"]
[EventType "team-tourn"]
[EventCountry "CZE"]
[SourceTitle "playchess.com"]
[Source "ChessBase"]
[SourceQuality "1"]
[TimeControl "5400+30"]

1. c4 Nf6 2. Nf3 g6 3. Nc3 d5 4. cxd5 Nxd5 5. d3 Bg7 6. Bd2 Nb6 7. g3 Nc6 8. Bg2 O-O 9. Qc1 e5 10. Bg5 f6 11. Be3 Be6 12. O-O Nd5 13. Bc5 Nxc3 14. bxc3 Re8 15. Rd1 Bd5 16. e4 Bf7 17. d4 Qc8 18. Qc2 Bf8 19. Bxf8 Rxf8 20. d5 Na5 21. c4 c5 22. Ne1 Qc7 23. Nd3 b6 24. f4 Nb7 25. Qc3 Rae8 26. Re1 Qe7 27. a4 Qc7 28. Ra2 Re7 29. Rf2 Be8 30. Ref1 Rff7 31. a5 Nd6 32. axb6 axb6 33. Rb2 b5 34. fxe5 fxe5 35. Rxf7 Rxf7 36. cxb5 Nxb5 37. Qxe5 Qxe5 38. Nxe5 Re7 39. Nc4 Nc3 40. Nd6 c4 41. Rb8 Kf8 42. Rc8 Nd1 43. Nxc4 1-0

[Event "Czech Open-E Teams 2022"]
[Site "Pardubice"]
[Date "2022.07.15"]
[Round "2.18"]
[White "Ocelak, Jakub"]
[Black "Vyprachticky, David"]
[Result "1-0"]
[ECO "A45"]
[WhiteElo "2120"]
[BlackElo "2302"]
[Annotator "ChessBase"]
[PlyCount "65"]
[EventDate "2022.07.14"]
[EventType "team-tourn"]
[EventCountry "CZE"]
[SourceTitle "playchess.com"]
[Source "ChessBase"]
[SourceQuality "1"]
[TimeControl "5400+30"]

1. d4 Nf6 2. Nc3 d5 3. Bf4 c5 4. e4 dxe4 5. dxc5 Qxd1+ 6. Rxd1 a6 7. Nge2 Bf5 8. Ng3 Bg6 9. b4 e6 10. a3 Be7 11. Be2 O-O 12. O-O Nc6 13. Bg5 Rfd8 14. Bxf6 Bxf6 15. Ncxe4 Bb2 16. c3 f5 17. Nd6 Bxc3 18. Bc4 f4 19. Ne2 Rxd6 20. cxd6 Be5 21. Bxe6+ Kf8 22. Rfe1 Rd8 23. d7 Bf7 24. Bxf7 Kxf7 25. Nc1 Bd4 26. Nb3 Rxd7 27. Kf1 Rd8 28. Nxd4 Rxd4 29. Rxd4 Nxd4 30. Rd1 Nb5 31. Rd7+ Kf8 32. a4 Nc3 33. a5 1-0

[Event "Czech Open-E Teams 2022"]
[Site "Pardubice"]
[Date "2022.07.15"]
[Round "2.19"]
[White "Vedral, Oldrich"]
[Black "Bezdek, Tomas"]
[Result "1-0"]
[ECO "C10"]
[WhiteElo "2268"]
[BlackElo "2061"]
[Annotator "ChessBase"]
[PlyCount "61"]
[EventDate "2022.07.14"]
[EventType "team-tourn"]
[EventCountry "CZE"]
[SourceTitle "playchess.com"]
[Source "ChessBase"]
[SourceQuality "1"]
[TimeControl "5400+30"]

1. e4 e6 2. d4 d5 3. Nc3 Nc6 4. Nf3 Bb4 5. e5 f6 6. a3 Ba5 7. Bd3 fxe5 8. Nxe5 Nxe5 9. dxe5 Qh4 10. O-O Nh6 11. g3 Qh3 12. Be2 O-O 13. Nxd5 exd5 14. Qxd5+ Be6 15. Qxa5 Ng4 16. Bxg4 Bxg4 17. f4 Rad8 18. Be3 h5 19. Qe1 Bf5 20. Qe2 Rfe8 21. Rad1 Rxd1 22. Rxd1 Re6 23. Rd8+ Kh7 24. Bf2 h4 25. Rf8 hxg3 26. Bxg3 Rc6 27. c3 Rg6 28. Qg2 Qg4 29. Qd5 Rb6 30. Qd8 Rxb2 31. Rh8+ 1-0

[Event "Czech Open-E Teams 2022"]
[Site "Pardubice"]
[Date "2022.07.15"]
[Round "2.20"]
[White "Le, Anh Dung"]
[Black "Cuhra, Martin"]
[Result "1/2-1/2"]
[ECO "B27"]
[WhiteElo "1975"]
[BlackElo "2225"]
[Annotator "ChessBase"]
[PlyCount "67"]
[EventDate "2022.07.14"]
[EventType "team-tourn"]
[EventCountry "CZE"]
[SourceTitle "playchess.com"]
[Source "ChessBase"]
[SourceQuality "1"]
[TimeControl "5400+30"]

1. e4 c5 2. Nf3 g6 3. Bc4 Bg7 4. c3 d6 5. d4 cxd4 6. cxd4 Nf6 7. Nc3 O-O 8. Bb3 Bg4 9. h3 Bxf3 10. Qxf3 Nc6 11. Be3 Nd7 12. Rd1 Na5 13. O-O Nxb3 14. axb3 Rc8 15. Qe2 Nb6 16. f4 d5 17. e5 f6 18. exf6 exf6 19. f5 Qd7 20. Qd3 Rce8 21. Bd2 Kf7 22. Ra1 a6 23. Ra5 Rc8 24. g4 Rc6 25. Qf3 Rd8 26. Qg3 g5 27. Re1 Bf8 28. Raa1 Bd6 29. Qf3 Bb4 30. Re2 Re8 31. Rxe8 Qxe8 32. Re1 Qd7 33. Re3 Rc8 34. Re6 1/2-1/2

[Event "Czech Open-E Teams 2022"]
[Site "Pardubice"]
[Date "2022.07.15"]
[Round "2.21"]
[White "Cukrowski, Filip"]
[Black "Bares, Jachym"]
[Result "1/2-1/2"]
[ECO "A56"]
[WhiteElo "2378"]
[BlackElo "2129"]
[Annotator "ChessBase"]
[PlyCount "94"]
[EventDate "2022.07.14"]
[EventType "team-tourn"]
[EventCountry "CZE"]
[SourceTitle "playchess.com"]
[Source "ChessBase"]
[SourceQuality "1"]
[TimeControl "5400+30"]

1. d4 Nf6 2. c4 c5 3. Nf3 cxd4 4. Nxd4 e5 5. Nb5 d5 6. cxd5 Bc5 7. e3 O-O 8. N5c3 e4 9. a3 Bf5 10. Be2 Nbd7 11. Nd2 Ne5 12. O-O Re8 13. Nb3 Bd6 14. Nd4 Bd7 15. f4 exf3 16. gxf3 Ng6 17. f4 Rc8 18. Qd3 Bh3 19. Rf2 Rxc3 20. bxc3 Ne4 21. Rf3 Bg4 22. Rf1 Bh3 23. Rf3 Bg4 24. Rg3 Bxe2 25. Nxe2 Nxg3 26. hxg3 Bc5 27. Bd2 Qd7 28. Kg2 Qg4 29. Rh1 h5 30. e4 f5 31. e5 Rxe5 32. Nc1 Re8 33. d6 Kh7 34. d7 Rd8 35. Nb3 Rxd7 36. Qf3 Qxf3+ 37. Kxf3 Bxa3 38. Rxh5+ Kg8 39. Rxf5 Rd3+ 40. Ke4 Rxg3 41. Ra5 Bb2 42. Rxa7 Bxc3 43. Bxc3 Rxc3 44. Rxb7 Rc4+ 45. Nd4 Nxf4 46. Kxf4 Rxd4+ 47. Kg5 Kh7 1/2-1/2

[Event "Czech Open-E Teams 2022"]
[Site "Pardubice"]
[Date "2022.07.15"]
[Round "2.22"]
[White "Londin, Simon"]
[Black "Kulon, Klaudia"]
[Result "0-1"]
[ECO "C55"]
[WhiteElo "2081"]
[BlackElo "2286"]
[Annotator "ChessBase"]
[PlyCount "76"]
[EventDate "2022.07.14"]
[EventType "team-tourn"]
[EventCountry "CZE"]
[SourceTitle "playchess.com"]
[Source "ChessBase"]
[SourceQuality "1"]
[TimeControl "5400+30"]

1. e4 e5 2. Nf3 Nc6 3. d4 exd4 4. Bc4 Nf6 5. e5 d5 6. Bb5 Ne4 7. Nxd4 Bd7 8. Bxc6 bxc6 9. O-O Bc5 10. f3 Ng5 11. f4 Ne4 12. Be3 Bb6 13. Nc3 Nxc3 14. bxc3 Qe7 15. Qd2 O-O 16. Rfe1 Rad8 17. Nb3 Bf5 18. a4 a5 19. Qf2 Rb8 20. Re2 Rfe8 21. Bc5 Qd7 22. Rae1 Qc8 23. h3 Re6 24. Bxb6 cxb6 25. Nd4 Re8 26. g4 Be4 27. Qh4 b5 28. f5 Rxe5 29. Nf3 Re8 30. Ng5 h6 31. Nxe4 dxe4 32. Rxe4 Rxe4 33. Rxe4 Qd7 34. g5 hxg5 35. Qxg5 Qd1+ 36. Kf2 Qxc2+ 37. Re2 Qxc3 38. Re3 Qd4 0-1

[Event "Czech Open-E Teams 2022"]
[Site "Pardubice"]
[Date "2022.07.15"]
[Round "2.23"]
[White "Mondrzycki, Bartlomiej"]
[Black "Hrabal, Matej"]
[Result "1-0"]
[ECO "D02"]
[WhiteElo "2180"]
[BlackElo "1950"]
[Annotator "ChessBase"]
[PlyCount "39"]
[EventDate "2022.07.14"]
[EventType "team-tourn"]
[EventCountry "CZE"]
[SourceTitle "playchess.com"]
[Source "ChessBase"]
[SourceQuality "1"]
[TimeControl "5400+30"]

1. d4 d5 2. Nf3 e6 3. Bf4 Nf6 4. e3 Be7 5. Nbd2 O-O 6. Bd3 c5 7. c3 b6 8. Ne5 Bb7 9. Qf3 Nbd7 10. Qh3 Re8 11. g4 g6 12. Ndf3 Nxe5 13. Nxe5 Nd7 14. Nxf7 Qc8 15. Bxg6 hxg6 16. Qh8+ Kxf7 17. Qh7+ Kf6 18. g5+ Kf5 19. Qh3+ Ke4 20. f3+ 1-0

[Event "Czech Open-E Teams 2022"]
[Site "Pardubice"]
[Date "2022.07.15"]
[Round "2.24"]
[White "Jarab, Daniel Costa"]
[Black "Daniel, Damian"]
[Result "0-1"]
[ECO "B10"]
[WhiteElo "1923"]
[BlackElo "2172"]
[Annotator "ChessBase"]
[PlyCount "90"]
[EventDate "2022.07.14"]
[EventType "team-tourn"]
[EventCountry "CZE"]
[SourceTitle "playchess.com"]
[Source "ChessBase"]
[SourceQuality "1"]
[TimeControl "5400+30"]

1. e4 c6 2. Nc3 d5 3. Nf3 dxe4 4. Nxe4 Nd7 5. Bc4 e6 6. d4 Ngf6 7. Nxf6+ Nxf6 8. O-O Bd6 9. Bg5 Qc7 10. Re1 Nd5 11. Bh4 b6 12. Bg3 O-O 13. Bb3 Rd8 14. c4 Nf6 15. Qc2 c5 16. Rad1 Bb7 17. dxc5 Qxc5 18. Rxd6 Rxd6 19. Bxd6 Qxd6 20. Rd1 Qf4 21. Rd4 Qc7 22. Qd1 Kf8 23. Bc2 e5 24. Rd2 g6 25. b3 Re8 26. Qe2 Kg7 27. h3 h6 28. Qe3 Bc6 29. Re2 Qb7 30. Nxe5 Bxg2 31. f4 Bc6 32. Qc3 Qe7 33. Bd3 Qc5+ 34. Kf1 Qd6 35. Nxc6 Qxc6 36. Rxe8 Qxe8 37. Be2 Qe4 38. Kf2 Qxf4+ 39. Qf3 Ne4+ 40. Kg2 Qg5+ 41. Qg4 Nc3 42. Qxg5 hxg5 43. Kf3 Nxa2 44. Ke3 Kf6 45. Kd4 Kf5 0-1

[Event "Czech Open-E Teams 2022"]
[Site "Pardubice"]
[Date "2022.07.15"]
[Round "2.25"]
[White "Krejca, Jakub"]
[Black "Eret, Matous"]
[Result "1/2-1/2"]
[ECO "B42"]
[WhiteElo "2123"]
[BlackElo "2273"]
[Annotator "ChessBase"]
[PlyCount "61"]
[EventDate "2022.07.14"]
[EventType "team-tourn"]
[EventCountry "CZE"]
[SourceTitle "playchess.com"]
[Source "ChessBase"]
[SourceQuality "1"]
[TimeControl "5400+30"]

1. e4 c5 2. Nf3 e6 3. d4 cxd4 4. Nxd4 a6 5. Bd3 Qc7 6. O-O Nf6 7. Qe2 d6 8. Nc3 Be7 9. Bd2 Bd7 10. Kh1 Nc6 11. Nxc6 Bxc6 12. f4 h5 13. a4 h4 14. b4 Nh5 15. b5 d5 16. Rf3 dxe4 17. Nxe4 axb5 18. Bxb5 Kf8 19. Bxc6 Qxc6 20. Rc3 Qd5 21. Rd3 Qf5 22. Qf3 Kg8 23. Rd7 Nf6 24. Nxf6+ Bxf6 25. Qxb7 Bxa1 26. Qxa8+ Kh7 27. Rd8 Rxd8 28. Qxd8 Qxc2 29. Qxh4+ Kg8 30. Qd8+ Kh7 31. Qh4+ 1/2-1/2